 Dungeon Crawl Stone Soup version 0.19-a0-1933-g052ff51 (webtiles) character file.

49 Kaname the Digger (level 3, 24/24 HPs)
             Began as a Demonspawn Earth Elementalist on Oct 25, 2016.
             Got out of the dungeon alive.
             The game lasted 00:03:10 (1446 turns).

Kaname the Digger (Demonspawn Earth Elementalist)   Turns: 1446, Time: 00:03:11

Health: 24/24      AC:  4    Str:  8    XL:     3   Next: 51%
Magic:  6/6        EV: 12    Int: 17    God:
Gold:   62         SH:  0    Dex: 13    Spells: 3 memorised, 0 levels left

rFire  . . .     SeeInvis .     f - +2 mace (venom)
rCold  . . .     Gourm    .     c - +0 robe
rNeg   . . .     Faith    .     (no shield)
rPois  .         Spirit   .     (no helmet)
rElec  .         Reflect  .     (no cloak)
rCorr  .         Harm     .     a - +1 pair of gloves
MR     .....                    (no boots)
Stlth  ++........               (no amulet)
                                (no ring)
                                (no ring)

@: no status effects
A: demonic guardian 1, powered by pain 1
a: no special abilities


You escaped.
You were not hungry.

You visited 1 branch of the dungeon, and saw 1 of its levels.

You collected 62 gold pieces.

Inventory:

Hand Weapons
 f - a +2 mace of venom (weapon)
Missiles
 b - 64 stones (quivered)
 h - a throwing net
Armour
 a - a +1 pair of gloves (worn)
 c - a +0 robe (worn)
Scrolls
 g - a scroll of teleportation {unknown}
 j - 3 scrolls of remove curse {unknown}
 l - a scroll of identify {unknown}
Potions
 i - a potion of flight {unknown}
Books
 e - a book of Geomancy

   Spells                             Type                      Level
   a - Sandblast                      Earth                        1
   b - Passwall                       Transmutation/Earth          2
   c - Stone Arrow                    Conjuration/Earth            3
   d - Petrify                        Transmutation/Earth          4
   e - Lee's Rapid Deconstruction     Earth                        5
Comestibles
 d - a bread ration
 k - 2 fruits


   Skills:
 - Level 1.7 Dodging
 - Level 1.7 Stealth
 - Level 2.0 Spellcasting
 + Level 1.0 Conjurations
 - Level 0.8 Transmutations
 - Level 4.0 Earth Magic


You couldn't memorise any spells.
You knew the following spells:

 Your Spells              Type           Power        Failure   Level  Hunger
a - Sandblast             Erth           ###...       3%          1    #......
b - Passwall              Tmut/Erth      #.........   14%         2    ###....
c - Stone Arrow           Conj/Erth      ##....       21%         3    ###....


Dungeon Overview and Level Annotations

Branches:
Dungeon (1/15)

Altars:


Innate Abilities, Weirdness & Mutations

A weak demonic guardian rushes to your aid.
You sometimes gain a little power by taking damage.


Message History

A jackal comes into view.
You see here a dagger.
The jackal barks!
You hit the jackal but do no damage.
The jackal is poisoned.
The jackal closely misses you.
The jackal bites you but does no damage.
You hit the jackal but do no damage.
The jackal looks as sick as possible!
The jackal is heavily wounded.
You kill the jackal!
Your Conjurations skill increases to level 1!
No target in view!
No target in view!
No target in view!
There is an open door here.
You see here a pair of gloves.
You open the door.
There is an open door here.
There is a staircase leading out of the dungeon here.
Are you sure you want to leave the Dungeon?
This will make you lose the game!
You have escaped!

# #....##.. #....###+
###....###. #........
...#'### #. #........
#.##.# . #........
#.##.# ##+###+##
#........ #.##.#
#≈§≈≈§.≈# # #........
#.##.#
#§§.≈.≈≈#.###......##
#.##.#
####≈≈...≈≈#..........+.
#.##.#
.....≈.@.≈...#####....##
#.##.# ##.#≈≈...≈≈###
#....## #....#
#.#≈≈.≈.≈≈# #.....#
###### #.#≈.≈§≈.≈#
#.....# # #.##'###'##
#.....# # #........#
#.....#
###########.########
#####.# ............#
#.. ############# ######
#..


There were no monsters in sight!

Vanquished Creatures
  A leopard gecko (D:1)
  2 bats (D:1)
  4 goblins (D:1)
  5 hobgoblins (D:1)
  19 jackals (D:1)
  3 kobolds (D:1)
  2 frilled lizards (D:1)
36 creatures vanquished.

Notes
Turn   | Place    | Note
-------+----------+-------------------------------------------
     0 | D:1      | Kaname the Demonspawn Earth Elementalist began the quest for the Orb.
     0 | D:1      | Reached XP level 1. HP: 13/13 MP: 3/3
    65 | D:1      | Reached skill level 3 in Earth Magic
   236 | D:1      | Gained mutation: A weak demonic guardian rushes to your aid. [demonic ancestry]
   236 | D:1      | Reached XP level 2. HP: 6/19 MP: 5/5
   751 | D:1      | Learned a level 2 spell: Passwall
   867 | D:1      | Gained mutation: You sometimes gain a little power by taking damage. [demonic ancestry]
   867 | D:1      | Reached XP level 3. HP: 18/24 MP: 6/6
  1079 | D:1      | Reached skill level 4 in Earth Magic
  1084 | D:1      | Learned a level 3 spell: Stone Arrow
  1392 | D:1      | Reached skill level 1 in Conjurations
  1446 | D:$      | Got out of the dungeon alive.

Vault maps used:
D:1:      ncdulo_lavacross

Skill      XL: |  1  2  3 |
---------------+----------+-----
Earth Magic    | 3 4 |  4.0
Conjurations   | 1 |  1.0
Dodging        | |  1.7
Stealth        | |  1.7
Spellcasting   | |  2.0
Transmutations | |  0.8

Action                   || total
-------------------------++-------
Melee: Mace              ||    79
 Cast: Stone Arrow       ||     2
 Stab: Sleeping          ||     3
  Eat: Chunk             ||     2
Armor: Robe              ||    63
Dodge: Dodged            ||   106
